 Dungeon Crawl Stone Soup version 0.26-a0-259-g1effd001a9 (webtiles) character file.

Game seed: 9314381286028842065

815 Apogee the Magician (level 7, -1/36 HPs)
             Began as a Deep Elf Conjurer on July 25, 2020.
             Was an Initiate of Vehumet.
             Slain by a sky beast (5 damage)
             ... on level 6 of the Dungeon.
             The game lasted 00:09:15 (6004 turns).

Apogee the Magician (Deep Elf Conjurer)             Turns: 6004, Time: 00:09:15

Health: -1/36      AC:  3    Str:  4    XL:     7   Next: 62%
Magic:  10/19      EV: 13    Int: 25    God:    Vehumet [......]
Gold:   387        SH:  0    Dex: 13    Spells: 10/20 levels left

rFire    . . .     SeeInvis .   i - +1 whip (venom)
rCold    . . .     Faith    .   (no shield)
rNeg     . . .     Spirit   .   a - +0 robe
rPois    .         Reflect  .   m - +0 helmet
rElec    .         Harm     .   (no cloak)
rCorr    .                      (no gloves)
MR       .....                  (no boots)
Stlth    ++........             (no amulet)
HPRegen  0.12/turn              (no ring)
MPRegen  0.16/turn              (no ring)

@: no status effects
A: no striking features
a: Renounce Religion


You were on level 6 of the Dungeon.
You worshipped Vehumet.
Vehumet was noncommittal.
You were not hungry.

You visited 2 branches of the dungeon, and saw 7 of its levels.

You collected 387 gold pieces.

Inventory:

Hand Weapons
 i - a +1 whip of venom (weapon)
   (You found it on level 1 of the Dungeon)
 t - the +5 dagger of Veacadgh {distort, *Rage *Noise +Rage SInv, unknown}
   (You found it on level 4 of the Dungeon)

   It warps and distorts space around it.
   Unwielding it can cause banishment or high damage.
   It lets you see invisible.
   It lets you go berserk.
   It may make noises in combat.
   It may make you go berserk in combat.
Armour
 a - a +0 robe (worn)
 m - a +0 helmet (worn)
   (You found it on level 2 of the Dungeon)
Jewellery
 f - an uncursed ring of poison resistance {unknown}
   (You found it on level 1 of the Dungeon)
Scrolls
 b - a scroll of blinking {unknown}
 c - 9 scrolls of identify {unknown}
 d - a scroll of noise {unknown}
 h - 6 scrolls of remove curse {unknown}
 j - 2 scrolls of amnesia {unknown}
 k - 5 scrolls of magic mapping {unknown}
 l - 3 scrolls of teleportation {unknown}
 n - 5 scrolls of fear {unknown}
 q - 3 scrolls of fog {unknown}
 r - 2 scrolls of immolation {unknown}
Potions
 g - 2 potions of cancellation {unknown}
 o - a potion of curing {unknown}
 p - a potion of heal wounds {unknown}
 s - a potion of haste {unknown}
 u - 2 potions of lignification {unknown}
Comestibles
 e - 29 rations {!d}


   Skills:
 - Level 2.4 Dodging
 - Level 2.4 Stealth
 + Level 7.3 Spellcasting
 + Level 7.2 Conjurations
 - Level 2.1 Hexes
 + Level 4.2 Translocations


You had 10 spell levels left.
You knew the following spells:

 Your Spells              Type           Power        Failure   Level
a - Magic Dart            Conj           ####         1%          1
b - Dazzling Flash        Conj/Hex       ####..       2%          3
s - Searing Ray           Conj           #####.       1%          2
x - Iskenderun's Mystic   Conj/Tloc      #####...     6%          4

Your spell library contained the following spells:

 Spells                   Type           Power        Failure   Level
 Beastly Appendage        Tmut           #.....       6%          1
 Sticks to Snakes         Tmut           #.......     10%         2
 Fulminant Prism          Conj/Hex       ####......   10%         4
 Spider Form              Tmut/Pois      #.........   19%         3
 Ice Form                 Ice/Tmut       #.......     54%         4
 Blade Hands              Tmut           #.........   87%         5


Dungeon Overview and Level Annotations

Branches:
Dungeon (6/15)             Temple (1/1) D:5

Altars:
Ashenzari
Cheibriados
Dithmenos
Fedhas
Gozag
Hepliaklqana
Kikubaaqudgha
Makhleb
Nemelex Xobeh
Okawaru
Qazlal
Ru
Sif Muna
Trog
Uskayaw
Vehumet
Wu Jian
Xom
Yredelemnul
Zin
The Shining One

Shops:
D:4 =


Message History

There is an open door here.
There is an escape hatch in the ceiling here.
There is an escape hatch in the ceiling here.
There is an open door here.
You see here a trident.
There is an open door here.
There is an open door here.
A sky beast comes into view.
A sky beast is nearby!
A sky beast is nearby!
Aim: a sky beast The magic dart hits the sky beast.
You can't see any susceptible monsters within range! (Use Z to cast anyway.)
Aim: a sky beast (lightly wounded)
The magic dart hits the sky beast.
Aim: a sky beast (lightly wounded)
The searing ray misses the sky beast. (Press . to maintain the ray.)
The sky beast flickers out of sight!
Deactivating autopickup; reactivate with Ctrl-A.
The searing ray hits something.
The searing ray hits something!
You finish channeling your searing ray.
Something hits you. Something shocks you.
You can't see any susceptible monsters within range! (Use Z to cast anyway.) (Press . to maintain the ray.)
Something hits you. Something shocks you. Something hits you.
* * * LOW HITPOINT WARNING * * *
Something shocks you.
* * * LOW HITPOINT WARNING * * *
The searing ray hits something.
Something hits you.
* * * LOW HITPOINT WARNING * * *
Something shocks you.
* * * LOW HITPOINT WARNING * * *
There is an open door here.
A sky beast appears from thin air!
Reactivating autopickup.
The sky beast barely misses you.
Unknown command.
Okay, then.
Aim: a sky beast (severely wounded)
The searing ray misses the sky beast. (Press . to maintain the ray.)
The sky beast hits you.
* * * LOW HITPOINT WARNING * * *
The sky beast shocks you.
You die...

#.#####.# #.#<#'##
#.....#.#.##.#....#
#.###.#.#.##.#..).# ###
#...#.##.#....#
+...#.##.#.#'##
#...#.##.#.#.#
###.#.##.#.#.#
######.#.##.#.#.#
#......#@##.#.#.#
#.....##Y#....#'#####
#.....##.####.......# .
#.######..ยง##.......###..
#.# ###.##............ #.#
#.##............ #.#
#.###........... #.#
####'###........... #.#
#.............###..


You could see a sky beast.

Vanquished Creatures
  An ice beast (D:5)
  A necrophage (D:5)
  An ogre (D:4)
  A centaur (D:5)
  A scorpion (D:5)
  2 orc priests (D:3)
  2 iguanas (D:5)
  Natasha (thrice) (D:2)
  A worker ant (D:5)
  A worker ant zombie (D:5)
  8 adders
  An adder skeleton (D:4)
  4 worms
  9 dart slugs
  5 leopard geckos
  15 orcs
  4 giant cockroaches
  10 goblins
  5 hobgoblins
  4 jackals
  3 kobolds
  3 quokkas
  3 bats
  3 frilled lizards
  A quokka skeleton (D:4)
  12 rats
104 creatures vanquished.

Notes
Turn   | Place    | Note
-------+----------+-------------------------------------------
     0 | D:1      | Apogee the Deep Elf Conjurer began the quest for the Orb.
     0 | D:1      | Reached XP level 1. HP: 10/10 MP: 6/6
   317 | D:1      | Reached XP level 2. HP: 15/15 MP: 5/8
  1246 | D:2      | Noticed Natasha
  1250 | D:2      | Killed Natasha
  1250 | D:2      | Reached skill level 5 in Conjurations
  1250 | D:2      | Reached XP level 3. HP: 19/19 MP: 4/10
  1254 | D:2      | Learned a level 2 spell: Searing Ray
  1258 | D:2      | Learned a level 3 spell: Dazzling Flash
  1620 | D:2      | Reached skill level 1 in Hexes
  1648 | D:2      | Noticed Natasha
  1697 | D:2      | Reached XP level 4. HP: 24/24 MP: 9/12
  1704 | D:2      | Killed Natasha
  2242 | D:2      | Noticed Natasha
  2247 | D:2      | Killed Natasha
  2311 | D:2      | Reached skill level 5 in Spellcasting
  2650 | D:3      | Learned a level 4 spell: Iskenderun's Mystic Blast
  2728 | D:3      | Reached XP level 5. HP: 28/28 MP: 9/14
  2940 | D:3      | Reached skill level 1 in Translocations
  3261 | D:3      | Found an ornate altar of the Wu Jian Council.
  3574 | D:3      | Reached XP level 6. HP: 32/32 MP: 5/16
  4000 | D:4      | Found a shattered altar of Ashenzari.
  4000 | D:4      | Found a burning altar of Makhleb.
  4188 | D:4      | Found Piycom's Jewellery Boutique.
  4404 | D:4      | Got a slimy dagger
  4692 | D:5      | Entered Level 5 of the Dungeon
  4897 | D:5      | Reached XP level 7. HP: 36/36 MP: 10/18
  5181 | D:5      | Found a staircase to the Ecumenical Temple.
  5194 | Temple   | Entered the Ecumenical Temple
  5329 | Temple   | Became a worshipper of Vehumet
  6004 | D:6      | Slain by a sky beast

Illustrated notes

Levels and vault maps discovered:
D:1:      wander_arrival_desolate, layout_basic, serial_bayou_lake_a
D:2:      layout_loops_ring, serial_co_window_serial, co_window_corner_a,
          co_window_of_opportunity_a, co_window_paths_a, co_window_corner_a,
          co_window_of_opportunity_a, co_window_paths_b,
          co_window_of_opportunity_a, co_window_of_opportunity_a,
          co_window_paths_b, co_window_2corner, co_window_unsneaky_path_e,
          co_window_broadway_b, glass_columns_a, glass_columns_b,
          glass_columns_a, glass_columns_c, glass_columns_b, st_stairs_9,
          uniq_natasha
D:3:      layout_basic, lemuel_crystal_altar, minmay_splitting_lines
D:4:      layout_gridville, gammafunk_temple_overflow_wave, serial_shops, shop
D:5:      kennysheep_slugbush, layout_loops_cross, minmay_temple_entry_waves,
          first_ration
D:6:      layout_basic
Temple:   regret_index_temple_mists

Skill      XL: |  1  2  3  4  5  6  7 |
---------------+----------------------+-----
Spellcasting   | 4 5 6 7 |  7.3
Conjurations   | 5 6 7 |  7.2
Hexes          | 1 2 |  2.1
Translocations | 1 3 4 |  4.2
Dodging        | |  2.4
Stealth        | |  2.4

Action                   |  1- 3 |  4- 6 |  7- 9 || total
-------------------------+-------+-------+-------++-------
Melee: Whip              |     1 |    28 |       ||    29
 Cast: Magic Dart        |    41 |   105 |    21 ||   167
       Searing Ray       |     2 |    17 |     9 ||    28
 Stab: Sleeping          |     1 |     2 |       ||     3
  Eat: Ration            |     1 |     3 |     1 ||     5
Armor: Robe              |     1 |     5 |     3 ||     9
Dodge: Dodged            |     2 |    19 |     6 ||    27

Table legend:
 A = Non-vault XP
 B = Vault XP
 C = Vault XP percentage of total XP
 D = Non-vault monster count
 E = Vault monster count
 F = Vault count percentage of total count
                 A         B        C        D         E       F
            +---------+---------+-------+---------+---------+-------
      Total |    1095 |      70 |   6.0 |      94 |      10 |   9.6
            +---------+---------+-------+---------+---------+-------
        D:1 |      22 |       0 |   0.0 |      13 |       0 |   0.0
        D:2 |     112 |      42 |  27.3 |      15 |       3 |  16.7
        D:3 |     233 |       0 |   0.0 |      42 |       0 |   0.0
        D:4 |     149 |       0 |   0.0 |      12 |       0 |   0.0
        D:5 |     579 |      28 |   4.6 |      12 |       7 |  36.8
            +---------+---------+-------+---------+---------+-------
